 Dungeon Crawl Stone Soup version 0.27.0-66-gdc8fb28755 (webtiles) character file.

Game seed: 5421131793384287811

952 robertstho the Chucker (level 7, -2/70 HPs)
             Began as a Troll Hunter on Aug 20, 2021.
             Slain by a two-headed ogre (20 damage)
             ... on level 5 of the Dungeon.
             The game lasted 00:06:20 (3897 turns).

robertstho the Chucker (Troll Hunter)               Turns: 3897, Time: 00:06:21

Health: -2/70      AC:  4    Str: 23    XL:     7   Next: 90%
Magic:  6/6        EV:  8    Int:  7    God:
Gold:   172        SH:  8    Dex: 10    Spells: 6/6 levels left

rFire    . . .     SeeInvis .     - Unarmed
rCold    + . .     Faith    .   p - +0 kite shield
rNeg     . . .     Spirit   .   b - +0 robe
rPois    .         Reflect  .   (helmet restricted)
rElec    .         Harm     .   (no cloak)
rCorr    .         Rampage  .   (gloves unavailable)
Will     .....                  (boots unavailable)
Stlth    +.........             (no amulet)
HPRegen  1.21/turn              s - ring of protection from cold
MPRegen  0.10/turn              (no ring)

@: no status effects
A: large, unfitting armour, claws 3, regeneration 1, shaggy fur 1, tough skin 1
a: no special abilities


You were on level 5 of the Dungeon.
You visited 1 branch of the dungeon, and saw 5 of its levels.

You collected 172 gold pieces.

Inventory:

Missiles
 c - 2 large rocks (quivered)
Armour
 b - a +0 robe (worn)
 p - a +0 kite shield (worn)
Jewellery
 s - a ring of protection from cold (left claw)
 u - an amulet of magic regeneration
 y - a ring of see invisible
Scrolls
 d - a scroll of vulnerability {unknown}
 e - a scroll of acquirement {unknown}
 f - a scroll of fear {unknown}
 g - a scroll of torment {unknown}
 i - 4 scrolls of identify {unknown}
 j - a scroll of noise {unknown}
 m - 2 scrolls of magic mapping {unknown}
 n - a scroll of summoning {unknown}
 t - 2 scrolls of amnesia {unknown}
 v - a scroll of teleportation {unknown}
 w - a scroll of enchant armour {unknown}
 z - a scroll of brand weapon {unknown}
Potions
 a - a potion of curing
 h - a potion of attraction {unknown}
 k - a potion of berserk rage {unknown}
 l - 3 potions of heal wounds {unknown}
 o - a potion of might {unknown}
 q - 2 potions of mutation {unknown}
 r - 4 potions of degeneration {unknown}
 x - a potion of flight {unknown}


   Skills:
 * Level 4.0 Fighting
 + Level 4.9 Throwing
 + Level 3.3 Dodging
 - Level 0.3 Stealth
 + Level 2.1 Shields
 + Level 4.9 Unarmed Combat


You had 6 spell levels left.
You didn't know any spells.
Your spell library contained the following spells:

 Spells                   Type           Power      Damage    Failure   Level
 Animate Skeleton         Necr           0%         N/A       90%         1
 Apportation              Tloc           0%         N/A       90%         1
 Corona                   Hex            0%         N/A       90%         1
 Foxfire                  Conj/Fire      0%         2x1d4     90%         1
 Shock                    Conj/Air       0%         1d3       90%         1
 Summon Small Mammal      Summ           0%         N/A       90%         1
 Conjure Flame            Conj/Fire      0%         6-21      99%         3
 Frozen Ramparts          Ice            0%         1d2       99%         3
 Gell's Gravitas          Tloc           0%         N/A       99%         3
 Inner Flame              Hex/Fire       0%         N/A       99%         3
 Lesser Beckoning         Tloc           0%         N/A       99%         3
 Swiftness                Air            0%         N/A       99%         3
 Teleport Other           Tloc           0%         N/A       99%         3
 Airstrike                Air            0%         N/A       100%        4
 Ice Form                 Ice/Tmut       0%         N/A       100%        4
 Summon Ice Beast         Ice/Summ       0%         N/A       100%        4


Dungeon Overview and Level Annotations

Branches:
Dungeon (5/15)
 Temple: D:4-7

Altars:
Ru

Shops:
D:1 *   D:3 [


Innate Abilities, Weirdness & Mutations

You are too large for most types of armour.
You have claws for hands.
Your natural rate of healing is unusually fast.
You are covered in fur. (AC +1)
You have tough skin. (AC +1)


Message History

You scratch the iguana but do no damage.
The iguana is moderately wounded.
The iguana bites you!
You scratch the iguana.
The iguana is heavily wounded.
You claw the two-headed ogre!
The two-headed ogre is lightly wounded.
You block the two-headed ogre's attack.
The two-headed ogre hits you with a +0 giant spiked club!!
You are too injured to fight recklessly!
You are too injured to fight recklessly!
You are too injured to fight recklessly!
You are too injured to fight recklessly!
You are too injured to fight recklessly!
You are too injured to fight recklessly!
You are too injured to fight recklessly!
You are too injured to fight recklessly!
You are too injured to fight recklessly!
You are too injured to fight recklessly!
You are too injured to fight recklessly!
You are too injured to fight recklessly!
You are too injured to fight recklessly!
You are too injured to fight recklessly!
You are too injured to fight recklessly!
You are too injured to fight recklessly!
You are too injured to fight recklessly!
You are too injured to fight recklessly!
You are too injured to fight recklessly!
Unknown command.
Throw: 3 large rocks
Press: ? - help, Q - select action Shift-Dir - straight line, f - two-headed ogre
Aim: a two-headed ogre, wielding a +0 giant club and a +0 giant spiked club (lightly wounded, 75% to hit)
You throw a large rock.
The large rock hits the two-headed ogre!!
The two-headed ogre is severely wounded.
You block the iguana's attack.
The two-headed ogre hits you with a +0 giant club!!
* * * LOW HITPOINT WARNING * * *
The two-headed ogre hits you with a +0 giant spiked club!!
You die...

## .## #.### . ...
....## ...
..###.....# ....
.#.......# .....
#.........
.....##........ ..
......l....# ###.##
#.....O@..#
#....###.....#.#...#
#.....##... #....##
.[.........###...†.##
...........##.......#
......[............##
....................#
#..................##
#.................##


You could see a two-headed ogre and an iguana.

Vanquished Creatures
  2 sky beasts
  2 ogres
  A water moccasin zombie (D:5)
  A centaur zombie (D:5)
  2 bullfrog zombies (D:5)
  A hound (D:4)
  2 gnoll shamans (D:4)
  An iguana (D:4)
  14 gnolls
  8 adders
  A shadow imp (D:3)
  An ufetubus (D:4)
  An adder skeleton (D:3)
  3 dart slugs
  5 orcs
  9 bats
  8 endoplasms
  3 giant cockroaches
  3 goblins
  12 hobgoblins
  8 jackals
  A quokka (D:3)
  8 ball pythons
  5 frilled lizards
  11 kobolds
  8 rats
121 creatures vanquished.

Vanquished Creatures (others)
  A fungus (D:1)
1 creature vanquished.

Grand Total: 122 creatures vanquished

Notes
Turn   | Place    | Note
-------+----------+-------------------------------------------
     0 | D:1      | robertstho the Troll Hunter began the quest for the Orb.
     0 | D:1      | Reached XP level 1. HP: 19/19 MP: 0/0
   127 | D:1      | Found Lutehirgh's General Store.
   138 | D:1      | Reached XP level 2. HP: 27/27 MP: 1/1
   319 | D:1      | Reached XP level 3. HP: 35/35 MP: 2/2
   807 | D:1      | Found a faded altar of an unknown god.
   999 | D:2      | Reached skill level 1 in Unarmed Combat
  1216 | D:2      | Reached XP level 4. HP: 40/42 MP: 3/3
  1505 | D:3      | Found a sacrificial altar of Ru.
  1980 | D:3      | Found Icouf's Armour Emporium.
  2288 | D:4      | Reached XP level 5. HP: 50/50 MP: 4/4
  2732 | D:4      | Noticed an ogre
  2742 | D:4      | Killed an ogre
  2743 | D:4      | Reached XP level 6. HP: 39/59 MP: 5/5
  3066 | D:5      | Entered Level 5 of the Dungeon
  3146 | D:5      | Reached skill level 1 in Shields
  3213 | D:5      | Noticed a sky beast
  3232 | D:5      | Noticed a sky beast
  3241 | D:5      | Killed a sky beast
  3242 | D:5      | Reached XP level 7. HP: 41/67 MP: 6/6
  3286 | D:5      | Noticed a two-headed ogre
  3897 | D:5      | Slain by a two-headed ogre

Illustrated notes

Levels and vault maps discovered:
D:1:      denvon_arrival_waterhouse, layout_basic,
          shapermc_ecumenical_altar_petra, serial_shops,
          nicolae_shop_statue_plus
D:2:      layout_rooms, chequers_serial_rivers_large_a, minmay_fractal_squares_5
D:3:      minmay_wonky_spiral, layout_basic, nicolae_ru_awakened_eye,
          serial_shops, nicolae_shop_trees, minmay_misc_feat_cross,
          kennysheep_decorative_pillar, kennysheep_cross_bottleneck,
          minmay_cupped
D:4:      layout_basic, grunt_ministairs_6
D:5:      layout_cave_pools, dancing_weapons_uskayaw

Skill      XL: |  1  2  3  4  5  6  7 |
---------------+----------------------+-----
Throwing       | 4 |  4.9
Fighting       | 2 3 4 |  4.0
Dodging        | 2 3 |  3.3
Unarmed Combat | 1 2 3 4 |  4.9
Shields        | 1 2 |  2.1
Stealth        | |  0.3

Action                   |  1- 3 |  4- 6 |  7- 9 || total
-------------------------+-------+-------+-------++-------
Melee: Unarmed           |   115 |   135 |    92 ||   342
Throw: Large rock        |     1 |    23 |     1 ||    25
       Throwing net      |       |     3 |       ||     3
  Use: Potion            |       |     5 |       ||     5
 Stab: Sleeping          |       |     1 |       ||     1
Armor: Robe              |    42 |    35 |    31 ||   108
Dodge: Dodged            |    79 |    40 |    35 ||   154
Block: Kite shield       |       |    52 |    49 ||   101
